 Dungeon Crawl Stone Soup version 0.18.1-48-g4cf74bf (webtiles) character file.

90 Alarkh the Shooter (level 4, -3/33 HPs)
             Began as a Mummy Hunter on Aug 6, 2016.
             Slain by Crazy Yiuf
             ... wielding a +4 quarterstaff of chaos
              (6 damage)
             ... on level 2 of the Dungeon.
             The game lasted 00:02:01 (1102 turns).

Alarkh the Shooter (Mummy Hunter)                   Turns: 1102, Time: 00:02:01

Health: -3/33      AC:  4    Str: 15    XL:     4   Next: 32%
Magic:  3/4        EV: 14    Int: 11    God:
Gold:   99         SH:  0    Dex: 12    Spells: 0 memorised, 3 levels left

rFire  x . .     SeeInvis .     a - +1 shortbow
rCold  + . .     Gourm    .     c - +0 leather armour
rNeg   + + +     Faith    .     (shield currently unavailable)
rPois  ∞         Spirit   .     (no helmet)
rElec  .         Dismiss  .     (no cloak)
rCorr  .         Reflect  +     l - +0 pair of gloves
SustAt .         Harm     .     (no boots)
MR     .....                    i - +2 amulet of reflection
Stlth  +.........               (no ring)
                                j - +3 ring of evasion

@: confused, not resistant to hostile enchantments, very unstealthy
A: no food or potions, fire vulnerability, cold resistance 1, negative energy
resistance 3, torment resistance, unbreathing
a: no special abilities


You were on level 2 of the Dungeon.
You were not hungry.

You visited 1 branch of the dungeon, and saw 2 of its levels.

You collected 99 gold pieces.

Inventory:

Hand Weapons
 a - a +1 shortbow (weapon)
 b - a +0 short sword
Missiles
 d - 26 arrows (quivered)
Armour
 c - a +0 leather armour (worn)
 l - a +0 pair of gloves (worn)
Jewellery
 i - a +2 amulet of reflection (around neck)
 j - a +3 ring of evasion (left hand)
Scrolls
 e - a scroll of immolation
 f - 3 scrolls of identify
 g - 2 scrolls of remove curse
 h - 2 scrolls of magic mapping {unknown}
 k - a scroll of fear {unknown}
 m - a scroll of amnesia {unknown}


   Skills:
 - Level 2.0 Fighting
 + Level 4.8 Bows
 - Level 1.5 Dodging
 - Level 0.7 Stealth


You had 3 spell levels left.
You didn't know any spells.

Dungeon Overview and Level Annotations

Branches:
Dungeon (2/15)

Altars:
Cheibriados

Annotations:
D:2 Crazy Yiuf


Innate Abilities, Weirdness & Mutations

You do not eat or drink.
Your flesh is vulnerable to fire.
You are immune to poison.
Your flesh is cold resistant.
You are immune to negative energy.
You are immune to unholy pain and torment.
You can survive without breathing.


Message History

Press: ? - help, Shift-Dir - straight line, f/p - Crazy Yiuf
Aim: Crazy Yiuf, wielding a quarterstaff of chaos, wearing a glowing cloak and carrying a wand of flame {zapped: 2} (heavily wounded)
You shoot an arrow. The arrow barely misses Crazy Yiuf.
Crazy Yiuf twirls on the spot.
Crazy Yiuf hits you with a quarterstaff of chaos.
* * * LOW HITPOINT WARNING * * *
x2 Firing (i - inventory):
d - 28 arrows (quivered)
Press: ? - help, Shift-Dir - straight line, f/p - Crazy Yiuf
Aim: Crazy Yiuf, wielding a quarterstaff of chaos, wearing a glowing cloak and carrying a wand of flame {zapped: 2} (heavily wounded)
You shoot an arrow. The arrow hits Crazy Yiuf.
Crazy Yiuf is severely wounded.
Crazy Yiuf hits you with a quarterstaff of chaos.
* * * LOW HITPOINT WARNING * * *
You are confused.
Firing (i - inventory):
d - 27 arrows (quivered)
Press: ? - help, Shift-Dir - straight line, f/p - Crazy Yiuf
Aim: Crazy Yiuf, wielding a quarterstaff of chaos, wearing a glowing cloak and carrying a wand of flame {zapped: 2} (severely wounded)
You shoot an arrow.
Crazy Yiuf hits you with a quarterstaff of chaos.
You die...

### ♣♣#### #(..#
♣♣..#.##
#(.(.(♣♣♣♣......#
♣(g♣.......#
♣♣♣@♣...#..#
♣♣♣♣♣##.## #.##
####### ######..#
#..>..# #.!..##.#
####.....#
#....##.# .#
#.)......#
#....##.# .#
#.##.....#
#.##.##.# .#
#.##.....#
#...†...#


You could see Crazy Yiuf.

Vanquished Creatures
  Jessica (D:2)
  An adder (D:2)
  An ooze (D:2)
  A worm (D:2)
  A dart slug (D:1)
  A giant gecko (D:2)
  11 bats
  2 giant cockroaches (D:1)
  4 goblins
  5 hobgoblins
  3 jackals (D:1)
  5 kobolds
  2 ball pythons (D:1)
  3 giant newts
  5 rats
46 creatures vanquished.

Notes
Turn   | Place    | Note
--------------------------------------------------------------
     0 | D:1      | Alarkh the Mummy Hunter began the quest for the Orb.
     0 | D:1      | Reached XP level 1. HP: 16/16 MP: 1/1
    71 | D:1      | Reached XP level 2. HP: 22/22 MP: 2/2
   317 | D:1      | Reached skill level 4 in Bows
   596 | D:2      | Reached XP level 3. HP: 27/27 MP: 3/3
   615 | D:2      | Found a snail-covered altar of Cheibriados.
   959 | D:2      | Noticed Jessica
   961 | D:2      | Killed Jessica
   961 | D:2      | Reached XP level 4. HP: 33/33 MP: 4/4
  1089 | D:2      | Noticed Crazy Yiuf
  1102 | D:2      | Slain by Crazy Yiuf

Skill      XL: |  1  2 |
---------------+-------+-----
Bows           | 4 |  4.8
Fighting       | |  2.0
Dodging        | |  1.5
Stealth        | |  0.7

Action                   |  1- 3 |  4- 6 || total
-------------------------+-------+-------++-------
 Fire: Shortbow          |    76 |    35 ||   111
  Use: Scroll            |     2 |       ||     2
Armor: Leather armour    |     8 |     1 ||     9
Dodge: Dodged            |    11 |     6 ||    17
